 Dungeon Crawl Stone Soup version 0.24-a0-342-gad4687c37d (webtiles) character file.

Game seed: 13123492523629499328

8 galech the Skirmisher (level 2, 24/24 HPs)
             Began as a Demonspawn Fighter on May 21, 2019.
             Quit the game on level 1 of the Dungeon.
             The game lasted 00:00:28 (311 turns).

galech the Skirmisher (Demonspawn Fighter)           Turns: 311, Time: 00:00:29

Health: 24/24      AC:  9    Str: 16    XL:     2   Next: 0%
Magic:  2/2        EV:  4    Int:  9    God:
Gold:   29         SH:  8    Dex: 12    Spells: 1/1 levels left

rFire    + . .     SeeInvis .   a - +0 war axe
rCold    + . .     Gourm    .   c - +0 shield
rNeg     . . .     Faith    .   e - +0 chain mail
rPois    .         Spirit   .   (no helmet)
rElec    .         Reflect  .   h - scarf {rC+ rF+}
rCorr    .         Harm     .   (no gloves)
MR       .....                  (no boots)
Stlth    ..........             (no amulet)
HPRegen  0.08/turn              (no ring)
MPRegen  0.08/turn              (no ring)

@: no status effects
A: nightstalker 1
a: no special abilities


You were on level 1 of the Dungeon.
You were not hungry.

You visited 1 branch of the dungeon, and saw 1 of its levels.

You collected 29 gold pieces.

Inventory:

Hand Weapons
 a - a +0 war axe (weapon)
Armour
 c - a +0 shield (worn)
 e - a +0 chain mail (worn)
 h - a scarf of resistance (worn)
Potions
 b - a potion of mutation {unknown}
 d - a potion of might
Comestibles
 f - 2 rations
 g - 3 chunks of flesh


   Skills:
 + Level 3.1 Fighting
 + Level 1.8 Axes
 + Level 2.9 Armour
 + Level 0.1 Dodging
 + Level 2.8 Shields


You had one spell level left.
You didn't know any spells.
Your spell library was empty.

Dungeon Overview and Level Annotations

Branches:
Dungeon (1/15)

Altars:


Innate Abilities, Weirdness & Mutations

You are slightly more attuned to the shadows.


Message History

You closely miss the kobold.
The kobold hits you with a +1 dagger of protection.
You completely miss the kobold. You block the kobold's attack.
The kobold hits you but does no damage.
Your shield and chain mail prevent you from hitting the kobold.
The kobold hits you but does no damage.
You completely miss the kobold. You block the kobold's attack.
The kobold hits you but does no damage.
You hit the kobold but do no damage. You block the kobold's attack. x2
You closely miss the kobold. The kobold hits you but does no damage.
Your chain mail prevents you from hitting the kobold.
The kobold hits you but does no damage.
You hit the kobold.
You kill the kobold!
You have reached level 2!
Your demonic ancestry asserts itself...
You slip into the darkness of the dungeon.
Things that are here:
a +1 dagger of protection; a kobold corpse Are you sure you want to abandon this character and quit the game? (Confirm with "yes".)

..#.###+###
..#.#.....# ##.#
.รท........+ ...
..#.......# #..
..#.......# #.. #
.##[.##+#####.## .#
.##............# ..#
.##.#...#####..###...#
.##.#...#####...@....#
.#..##...........#..##
.#.###..#####.##.# .#
.#........ ...##.# ..
.#..#............# #.
.#. #.#..####.#### .#
#.#... ... .# ###...#
#.# .# ..... ..


There were no monsters in sight!

Vanquished Creatures
  2 bats (D:1)
  A giant cockroach (D:1)
  3 kobolds (D:1)
  3 frilled lizards (D:1)
9 creatures vanquished.

Notes
Turn   | Place    | Note
-------+----------+-------------------------------------------
     0 | D:1      | galech the Demonspawn Fighter began the quest for the Orb.
     0 | D:1      | Reached XP level 1. HP: 18/18 MP: 1/1
   309 | D:1      | Gained mutation: You are slightly more attuned to the
                  | shadows. [demonic ancestry]
   309 | D:1      | Reached XP level 2. HP: 23/24 MP: 2/2
   311 | D:1      | Quit the game

Levels and vault maps discovered:
D:1:      dpeg_arrival_pits, layout_basic, hangedman_abyss_or_decor_stabs,
          minmay_misc_feat_hallway

Action                   || total
-------------------------++-------
Melee: War axe           ||    45
Armor: Scale mail        ||    24
       Chain mail        ||     9
Dodge: Dodged            ||    13
Block: Shield            ||    27

Table legend:
 A = Non-vault XP
 B = Vault XP
 C = Vault XP percentage of total XP
 D = Non-vault monster count
 E = Vault monster count
 F = Vault count percentage of total count
                 A         B        C        D         E       F
            +---------+---------+-------+---------+---------+-------
      Total |      12 |       0 |   0.0 |       9 |       0 |   0.0
            +---------+---------+-------+---------+---------+-------
        D:1 |      12 |       0 |   0.0 |       9 |       0 |   0.0
            +---------+---------+-------+---------+---------+-------
